 Dungeon Crawl Stone Soup version 0.27-a0-932-g94b7631 (webtiles) character file.

Game seed: 8486177376380195660

367 Nithhogg the Skirmisher (level 6, 0/43 HPs)
             Began as a Demonspawn Fighter on Apr 10, 2021.
             Killed by nerve-wracking pain
             ... invoked by Menkaure
              (2 damage)
             ... on level 4 of the Dungeon.
             The game lasted 00:04:46 (3667 turns).

Nithhogg the Skirmisher (Demonspawn Fighter)        Turns: 3667, Time: 00:04:47

Health: 0/43       AC:  8    Str: 19    XL:     6   Next: 41%
Magic:  8/8        EV:  8    Int:  9    God:
Gold:   194        SH: 10    Dex: 18    Spells: 5/5 levels left

rFire    . . .     SeeInvis .   s - +1 dagger (venom)
rCold    . . .     Faith    .   c - +0 kite shield
rNeg     . . .     Spirit   .   l - +3 ring mail
rPois    .         Reflect  .   (helmet restricted)
rElec    .         Harm     .   (no cloak)
rCorr    .         Rampage  .   (no gloves)
Will     .....                  (no boots)
Stlth    +.........             (no amulet)
HPRegen  0.14/turn              h - +6 ring of dexterity
MPRegen  0.11/turn              (no ring)

@: mighty, hasted, very quick
A: claws 2, foul stench 1, powered by death 1, antennae 1, hooves 1, frail 1
a: no special abilities


You were on level 4 of the Dungeon.
You visited 1 branch of the dungeon, and saw 4 of its levels.

You collected 194 gold pieces.

Inventory:

Hand Weapons
 a - a +0 long sword
 s - a +1 dagger of venom (weapon)
 t - a +2 dagger of flaming
Armour
 b - a +0 scale mail
 c - a +0 kite shield (worn)
 l - a +3 ring mail (worn)
Jewellery
 h - a +6 ring of dexterity (left claw)
Scrolls
 e - a scroll of teleportation
 i - 2 scrolls of immolation
 k - 2 scrolls of identify
 n - a scroll of vulnerability {unknown}
 p - a scroll of blinking {unknown}
 q - a scroll of brand weapon {unknown}
Potions
 g - a potion of magic {unknown}
 j - a potion of curing {unknown}
 m - 2 potions of flight {unknown}
 o - a potion of brilliance {unknown}


   Skills:
 + Level 4.1 Fighting
 + Level 3.1 Long Blades
 + Level 3.8 Armour
 + Level 3.8 Shields
 + Level 3.6 Invocations


You had 5 spell levels left.
You didn't know any spells.
Your spell library contained the following spells:

 Spells                   Type           Power      Damage    Failure   Level
 Confusing Touch          Hex            0%         N/A       100%        3
 Gell's Gravitas          Tloc           0%         N/A       100%        3
 Petrify                  Tmut/Erth      0%         N/A       100%        4
 Metabolic Englaciation   Hex/Ice        0%         N/A       100%        5
 Yara's Violent Unravell  Hex/Tmut       0%         3d3       100%        5


Dungeon Overview and Level Annotations

Branches:
Dungeon (4/15)
 Temple: D:4-7

Altars:
Makhleb
Okawaru
Ru

Shops:
D:1 =

Annotations:
D:4 Menkaure


Innate Abilities, Weirdness & Mutations

You have very sharp fingernails.
You may rarely emit foul miasma when damaged in melee.
You regenerate a little health from kills.
You have a pair of small antennae on your head.
You have large cloven feet.
You are frail. (-10% HP)


Message History

Found a stone staircase leading down.
Menkaure, Prince of Dust comes into view.
Menkaure shouts!
Menkaure rustles in an indecipherable tongue.
Menkaure calls on the powers of darkness!
Your body is wracked with pain!
Things that are here:
a +0 hand axe; a +0 dagger You see here 28 sling bullets.
You start resting.
HP restored.
Things that are here:
a +0 hand axe; a +0 dagger Menkaure shouts!
You hear a shout!
Menkaure is nearby!
Menkaure calls on the powers of darkness!
Your body is wracked with pain!
Menkaure gestures wildly while chanting.
Menkaure seems to speed up.
A kobold comes into view. It is wielding a +0 dagger.
The kobold shouts!
The kobold throws a stone.
You block the stone.
You feel very mighty all of a sudden. Menkaure hits you!
* * * LOW HITPOINT WARNING * * *
You feel yourself speed up. Menkaure casts a spell at you.
Pain shoots through your body!
* * * LOW HITPOINT WARNING * * *
It was a potion of mutation.
You feel extremely strange.
Your feet thicken and deform.
You feel frail. A pair of antennae grows on your head!
Menkaure calls on the powers of darkness!
You feel a surge of unholy energy.
The kobold convulses!
Menkaure calls on the powers of darkness!
You feel a surge of unholy energy.
Menkaure says, "Why can't you leave me to my rest?"
Menkaure casts a spell at you. Pain shoots through your body!
You die...

###..#########.#
###>..........##
#..............###
#................#
#.##..............#)#
#.#..............##.#
#.#....###+###...##(#
#.#....# #.# #...##.#
.......###.###..@##.#
.......+.._###...##.#
...M.M.###.###...##.#
....##.# #.# #.####[#
.......###'###M# #<#
....#......K.K.# ###
.K..#.....######
....####### ....#


You could see Menkaure (fast) and a kobold.

Vanquished Creatures
  A necrophage (D:3)
  A bullfrog (D:3)
  An orc priest (D:4)
  An iguana (D:3)
  An orc wizard (D:4)
  2 adders
  4 gnolls
  A worm (D:2)
  2 dart slugs (D:1)
  3 orcs
  3 bats
  9 endoplasms
  2 giant cockroaches
  5 goblins
  4 hobgoblins
  8 jackals
  3 kobolds
  2 quokkas (D:1)
  9 ball pythons
  4 frilled lizards
  5 rats
71 creatures vanquished.

Notes
Turn   | Place    | Note
-------+----------+-------------------------------------------
     0 | D:1      | Nithhogg the Demonspawn Fighter began the quest for the
                  | Orb.
     0 | D:1      | Reached XP level 1. HP: 18/18 MP: 1/1
    46 | D:1      | Found Jovev's Jewellery Shop.
   115 | D:1      | Gained mutation: You regenerate a little health from kills.
                  | [demonic ancestry]
   115 | D:1      | Reached XP level 2. HP: 22/24 MP: 2/2
   148 | D:1      | Reached skill level 1 in Invocations
   248 | D:1      | Reached XP level 3. HP: 20/29 MP: 3/3
   590 | D:1      | Found a faded altar of an unknown god.
  1619 | D:2      | Gained mutation: You have sharp fingernails. [demonic
                  | ancestry]
  1619 | D:2      | Reached XP level 4. HP: 35/35 MP: 5/5
  1641 | D:2      | Found a sacrificial altar of Ru.
  1944 | D:3      | Noticed a bullfrog
  1957 | D:3      | Killed a bullfrog
  1958 | D:3      | Gained mutation: You may rarely emit foul miasma when
                  | damaged in melee. [demonic ancestry]
  1958 | D:3      | Reached XP level 5. HP: 13/41 MP: 6/6
  2353 | D:3      | Noticed a necrophage
  2361 | D:3      | Killed a necrophage
  2425 | D:3      | Gained mutation: You have very sharp fingernails. [demonic
                  | ancestry]
  2425 | D:3      | Reached XP level 6. HP: 45/48 MP: 8/8
  2528 | D:3      | Reached skill level 4 in Fighting
  2739 | D:3      | Found an iron altar of Okawaru.
  2986 | D:4      | Found a burning altar of Makhleb.
  3475 | D:4      | Found a sacrificial altar of Ru.
  3490 | D:4      | Noticed Menkaure
  3661 | D:4      | HP: 2/48 [Menkaure/nerve-wracking pain (12)]
  3662 | D:4      | Gained mutation: You have large cloven feet. [potion of
                  | mutation]
  3662 | D:4      | Gained mutation: You are frail. (-10% HP) [potion of
                  | mutation]
  3662 | D:4      | Gained mutation: You have a pair of small antennae on your
                  | head. [potion of mutation]
  3667 | D:4      | Killed from afar by Menkaure

Illustrated notes

Levels and vault maps discovered:
D:1:      dpeg_arrival_fog, layout_basic, hellmonk_ecumenical_altar_blasted,
          serial_shops, nicolae_shop_crystal, ebering_dispersal_statue_hall
D:2:      minmay_recursive_quarters, layout_loops_ring, basic_altar
D:3:      layout_rooms, okawaru_trees_2
D:4:      layout_basic, lemuel_doored_altar, nicolae_ru_awakened_eye,
          minmay_temple_entry_arrows, serial_shops, kennysheep_little_box,
          uniq_menkaure

Skill      XL: |  1  2  3  4  5  6 |
---------------+-------------------+-----
Long Blades    | 2 3 |  3.1
Invocations    | 1 2 3 |  3.6
Shields        | 3 |  3.8
Armour         | 3 |  3.8
Fighting       | 4 |  4.1

Action                   |  1- 3 |  4- 6 || total
-------------------------+-------+-------++-------
Melee: Long sword        |   117 |   113 ||   230
       Dagger            |       |    15 ||    15
  Use: Scroll            |     2 |     1 ||     3
       Potion            |       |     3 ||     3
Armor: Scale mail        |    59 |       ||    59
       Ring mail         |     8 |    53 ||    61
Dodge: Dodged            |    33 |    42 ||    75
Block: Kite shield       |    89 |    69 ||   158
       Rpst.: Long sword |    12 |    12 ||    24

Table legend: (Time is in decaauts)
 A = Elapsed time spent in this place.
 B = Non-inter-level travel time spent in this place.
 C = Inter-level travel time spent in this place.
 D = Time resting spent in this place.
 E = Time spent auto-exploring this place.
 F = Levels seen in this place.
 G = Mean time per level.
                   A        B        C        D        E       F      G
               +--------+--------+--------+--------+--------+-----+--------+
         Total |   3789 |   3714 |     75 |    447 |   2545 |   4 |  947.2 |
       Dungeon |   3789 |   3714 |     75 |    447 |   2545 |   4 |  947.2 |
               +--------+--------+--------+--------+--------+-----+--------+

Top non-repeatable levels by time:
     D:3: 1292 daAuts
     D:2: 1004 daAuts
     D:1: 997 daAuts
     D:4: 494 daAuts
